 Dungeon Crawl Stone Soup version 0.24-a0-530-g18ba70b5 (webtiles) character file.

Game seed: 1080624126410176065

25601 Atlas the Eclecticist (level 12, -5/84 HPs)
             Began as a Mummy Necromancer on Aug 7, 2019.
             Was an Initiate of Gozag.
             Slain by Jorgrun
             ... wielding a +0 quarterstaff of crushing
              (9 damage)
             ... on level 14 of the Dungeon.
             The game lasted 00:33:07 (23062 turns).

Atlas the Eclecticist (Mummy Necromancer)          Turns: 23062, Time: 00:33:08

Health: -5/84      AC: 15    Str: 11      XL:     12   Next: 90%
Magic:  25/40      EV:  9    Int: 12 (18) God:    Gozag
Gold:   1304       SH:  0    Dex: 17 (19) Spells: 27/41 levels left

rFire    . . .     SeeInvis .   E - +1 whip (elec)
rCold    + + .     Gourm    .   (no shield)
rNeg     + + +     Faith    .   G - +2 troll leather armour
rPois    ∞         Spirit   .   i - +0 helmet
rElec    +         Reflect  .   e - +0 cloak
rCorr    +         Harm     .   (no gloves)
MR       +....                  x - +2 pair of boots
Stlth    ++++......             (no amulet)
HPRegen  0.64/turn              p - ring of magical power
MPRegen  0.27/turn              B - +3 ring of protection

@: agile, resistant, petrifying (expiring), grasped by roots, flying, hasted,
constricted
A: no food or potions, fire vulnerability, cold resistance 1, negative energy
resistance 3, torment resistance, unbreathing
a: Potion Petition, Call Merchant, Bribe Branch, Renounce Religion


You were on level 14 of the Dungeon.
You worshipped Gozag.
Gozag was most pleased with you.
You were not hungry.

You visited 2 branches of the dungeon, and saw 15 of its levels.

You collected 1860 gold pieces.
You spent 297 gold pieces at shops.
You paid 259 gold pieces to Gozag.

Inventory:

Hand Weapons
 o - a +3 dagger of venom
 E - a +1 whip of electrocution (weapon)
Armour
 e - a +0 cloak (worn)
 f - the +2 leather armour of Utoupemo {rCorr Stlth+}
   (You found it on level 9 of the Dungeon)

   It provides partial protection from all sources of acid and corrosion.
   It makes you more stealthy.
 h - the +1 cloak "Ifoubaa" {*Slow MP+9 Int-2 Dex+7}
   (You found it on level 8 of the Dungeon)

   It affects your intelligence (-2).
   It affects your dexterity (+7).
   It affects your magic capacity (+9).
   It may slow you when you take damage.
 i - a +0 helmet (worn)
 x - a +2 pair of boots (worn)
 A - the cursed +0 pair of boots "Ocullare" {rF+ MR- Str+3}
   (You found it on level 10 of the Dungeon)

   It affects your strength (+3).
   It protects you from fire.
   It affects your resistance to hostile enchantments.
   It has a curse placed upon it.
 G - a +2 troll leather armour (worn)
Jewellery
 p - a ring of magical power (left hand)
 t - an uncursed ring of resist corrosion
 B - a +3 ring of protection (right hand)
 C - a +3 ring of dexterity
 D - a +4 ring of strength
Wands
 j - a wand of paralysis (1)
 q - a wand of flame (1)
 r - a wand of iceblast (12)
 w - a wand of acid (3)
 z - a wand of random effects (12)
Scrolls
 a - 3 scrolls of amnesia
 b - 3 scrolls of blinking
 c - 3 scrolls of immolation
 d - 8 scrolls of identify
 g - a scroll of magic mapping
 k - 4 scrolls of teleportation
 l - 3 scrolls of remove curse
 m - 4 scrolls of enchant weapon
 n - 2 scrolls of noise
 s - a scroll of enchant armour
 u - a scroll of silence
 v - a scroll of fog
 y - 5 scrolls of fear
 F - a scroll of torment


   Skills:
 + Level 4.5 Fighting
 + Level 3.7 Short Blades
   Level 1.5(2.7) Axes
 + Level 3.5(3.7) Maces & Flails
 + Level 3.9 Armour
 + Level 4.9 Dodging
 + Level 4.0 Stealth
 + Level 15.2 Spellcasting
 + Level 12.4 Necromancy
 + Level 3.6 Earth Magic
 + Level 1.2 Evocations


You had 27 spell levels left.
You knew the following spells:

 Your Spells              Type           Power        Failure   Level  Hunger
a - Pain                  Necr           ####         1%          1    N/A
b - Dispel Undead         Necr           #####...     1%          5    N/A
c - Vampiric Draining     Necr           #####.....   1%          3    N/A
d - Borgnjor's Vile Clut  Necr/Erth      ####......   9%          5    N/A

Your spell library contained the following spells:

 Spells                   Type           Power        Failure   Level  Hunger
 Animate Skeleton         Necr           N/A          1%          1    N/A
 Corpse Rot               Necr           N/A          1%          2    N/A
 Animate Dead             Necr           N/A          1%          4    N/A
 Corona                   Hex            #......      9%          1    N/A
 Ensorcelled Hibernation  Hex/Ice        #.....       14%         2    N/A
 Bolt of Draining         Conj/Necr      ###.......   19%         5    N/A
 Confuse                  Hex            #.......     26%         3    N/A
 Dazzling Spray           Conj/Hex       #.....       26%         3    N/A
 Tukima's Dance           Hex            #.......     26%         3    N/A
 Simulacrum               Ice/Necr       ###.......   71%         6    N/A
 Regeneration             Chrm/Necr      Unusable     N/A         3    N/A

Dungeon Overview and Level Annotations

Branches:
Dungeon (14/15)            Temple (1/1) D:7            Lair (0/6) D:11
    Orc (0/2) D:9
 Vaults: D:13-14

Altars:
Ashenzari
Cheibriados
Dithmenos
Elyvilon
Fedhas
Gozag
Hepliaklqana
Kikubaaqudgha
Makhleb
Nemelex Xobeh
Okawaru
Qazlal
Ru
Sif Muna
Trog
Uskayaw
Vehumet
Wu Jian
Xom
Yredelemnul
Zin
The Shining One
Beogh

Shops:
D:4 *   D:10 *   D:11 :   D:12 [   D:13 [

Annotations:
D:14 Jorgrun


Innate Abilities, Weirdness & Mutations

You do not eat or drink.
Your flesh is vulnerable to fire.
You are immune to poison.
Your flesh is cold resistant. (rC+)
You are immune to negative energy. (rN+++)
You are immune to unholy pain and torment.
You can survive without breathing.


Message History

The roots' grasp on you weakens, but your attempt to escape fails.
Jorgrun points at you and mumbles some strange words.
The iron shot hits you!!! The grasping roots constrict you.
Jorgrun gestures at you while chanting. The iron shot hits you!!!
* * * LOW HITPOINT WARNING * * *
x2 The grasping roots constrict you!!
Your limbs are stiffening.
Okay, then.
Okay, then. [a] - 0 gold - haste, agility, flight and resistance [b] - 0 gold - resistance, invisibility and agility [c] - 0 gold - flight, agility and invisibility Purchase which effect?
You feel yourself speed up.
You feel agile all of a sudden.
You feel very buoyant.
You fly up into the air.
You feel protected.
Jorgrun hits you with a +0 quarterstaff of crushing!
You die...
Your body crumbles into a pile of gold.

########.####.......##
###...#......##...#
#####.......#######.#..
##......##...# ####..###
.......###.#####....##
#.......##.# ##.....####
.^.......#.# #.........)
...........###.......###
...>...@.....(.......#
.......g....###.....##
.........#####.......#
#.......## #.(.....#
......... #.......#
......... ##...>.##
......... ##...##
........(# #####


You could see Jorgrun.

Vanquished Creatures
  Rupert (D:13)
  Snorg (D:14)
  A rakshasa (D:13)
  5 two-headed ogres
  A death knight (D:12)
  A death yak (D:11)
  3 skeletal warriors (D:13)
  3 ugly things
  A manticore (D:12)
  2 cyclopes
  An elephant (D:11)
  A spiny frog (shapeshifter) (D:13)
  A hydra zombie (D:12)
  2 trolls
  3 hippogriffs
  2 wyverns
  8 yaks
  A shadow (D:12)
  Grum (D:11)
  4 hogs (D:7)
  A human (D:7)
  7 vampire mosquitoes
  3 wargs (D:9)
  A soldier ant (D:14)
  A human zombie (D:13)
  An acid dragon (D:13)
  2 water moccasins
  2 ice beasts (D:11)
  5 sky beasts
  2 black bears
  8 orc warriors
  A hornet zombie (D:13)
  11 ogres
  An eye of draining (D:9)
  A phantom (D:8)
  A necrophage (D:5)
  3 wolves (D:11)
  7 centaurs
  3 crocodiles
  A manticore skeleton (D:11)
  4 big kobolds
  5 bullfrogs
  2 wyvern zombies
  A cyclops zombie (D:13)
  A tengu zombie (D:12)
  A troll zombie (D:12)
  2 scorpions (D:11)
  11 killer bees
  A water moccasin skeleton (D:8)
  7 wights
  7 howler monkeys
  A troll skeleton (D:13)
  2 centaur zombies (D:12)
  4 crimson imps
  5 bullfrog zombies
  A quasit (D:12)
  2 bullfrog skeletons
  A centaur skeleton (D:6)
  7 hounds
  5 jellies
  A gnoll shaman (D:4)
  10 orc priests
  A basilisk skeleton (D:13)
  11 orc wizards
  4 iguanas
  Ijyb (D:5)
  11 worker ants
  A sky beast zombie (D:13)
  An ogre zombie (D:12)
  A hound zombie (D:5)
  An acid dragon skeleton (D:13)
  5 worker ant zombies
  2 orc zombies (D:12)
  8 gnolls
  A howler monkey skeleton (D:5)
  12 adders
  A shadow imp (D:7)
  An ooze (D:3)
  2 adder zombies
  4 adder skeletons
  3 worms
  5 dart slugs
  9 leopard geckos
  75 orcs
  7 bats
  8 giant cockroaches
  8 goblins
  7 hobgoblins
  11 jackals
  14 kobolds
  6 quokkas
  6 frilled lizards
  A goblin zombie (D:13)
  A hobgoblin skeleton (D:11)
  A leopard gecko zombie (D:6)
  A quokka skeleton (D:7)
  8 rats
425 creatures vanquished.

Notes
Turn   | Place    | Note
-------+----------+-------------------------------------------
     0 | D:1      | Atlas the Mummy Necromancer began the quest for the Orb.
     0 | D:1      | Reached XP level 1. HP: 13/13 MP: 4/4
   428 | D:1      | Reached XP level 2. HP: 17/19 MP: 1/5
  1038 | D:1      | Reached skill level 3 in Spellcasting
  1203 | D:2      | Found a shattered altar of Ashenzari.
  1208 | D:2      | Found a glowing silver altar of Zin.
  1214 | D:2      | Reached XP level 3. HP: 24/24 MP: 3/7
  1219 | D:2      | Learned a level 3 spell: Vampiric Draining
  2443 | D:3      | Reached skill level 4 in Spellcasting
  2443 | D:3      | Reached XP level 4. HP: 24/30 MP: 3/10
  2587 | D:3      | Reached skill level 5 in Necromancy
  3946 | D:4      | Reached XP level 5. HP: 35/35 MP: 5/11
  4100 | D:4      | Noticed a phantom
  4994 | D:4      | Reached skill level 5 in Spellcasting
  4994 | D:4      | Reached XP level 6. HP: 21/41 MP: 13/13
  5327 | D:4      | Found Akhlakh's General Store.
  5402 | D:4      | You fall into a shaft and drop 2 floors!
  5411 | D:5      | Entered Level 5 of the Dungeon
  5527 | D:5      | Reached skill level 1 in Armour
  5631 | D:5      | Noticed a water moccasin
  5638 | D:5      | Killed a water moccasin
  5883 | D:4      | Reached XP level 7. HP: 46/46 MP: 11/15
  6274 | D:5      | Reached skill level 6 in Spellcasting
  6462 | D:5      | Reached skill level 1 in Short Blades
  6723 | D:5      | Noticed Ijyb
  6733 | D:5      | Killed Ijyb
  7014 | D:5      | Reached skill level 7 in Spellcasting
  7042 | D:5      | Reached skill level 1 in Fighting
  7462 | D:6      | Reached XP level 8. HP: 54/54 MP: 18/18
  8950 | D:7      | Reached skill level 8 in Spellcasting
  9398 | D:7      | Found a staircase to the Ecumenical Temple.
  9407 | Temple   | Entered the Ecumenical Temple
  9565 | Temple   | Became a worshipper of Kikubaaqudgha
  9812 | D:7      | Reached XP level 9. HP: 57/61 MP: 20/21
 10440 | D:8      | Reached skill level 9 in Spellcasting
 11434 | D:8      | Found a roughly hewn altar of Beogh.
 11439 | D:8      | Reached skill level 10 in Spellcasting
 11439 | D:8      | Reached XP level 10. HP: 31/68 MP: 23/24
 11442 | D:8      | Reached * piety under Kikubaaqudgha
 11442 | D:8      | Identified Kikubaaqudgha's Compendium of Stolen Souls
                  | (Kikubaaqudgha gifted it to you on level 8 of the Dungeon)
 11442 | D:8      | Received a gift from Kikubaaqudgha
 11548 | D:8      | HP: 3/68 [wyvern (12)]
 12115 | D:8      | Identified the +1 cloak "Ifoubaa" {*Slow MP+9 Int-2 Dex+7}
                  | (You found it on level 8 of the Dungeon)
 12669 | D:9      | Reached skill level 11 in Spellcasting
 12912 | D:9      | Found a staircase to the Orcish Mines.
 13721 | D:9      | Got a jewelled leather armour
 13732 | D:9      | Identified the +2 leather armour of Utoupemo {rCorr Stlth+}
                  | (You found it on level 9 of the Dungeon)
 13874 | D:9      | Reached ** piety under Kikubaaqudgha
 13874 | D:9      | Reached skill level 10 in Necromancy
 14007 | D:10     | Entered Level 10 of the Dungeon
 14080 | D:10     | Identified the cursed +0 pair of boots "Ocullare" {rF+ MR-
                  | Str+3} (You found it on level 10 of the Dungeon)
 14082 | D:10     | Found Nexziss's Assorted Antiques.
 14358 | D:10     | Found a roughly hewn altar of Beogh.
 14653 | D:10     | Reached skill level 1 in Axes
 14655 | D:10     | Reached skill level 12 in Spellcasting
 15057 | D:10     | Noticed a cyclops
 15105 | D:10     | Killed a cyclops
 15105 | D:10     | Reached XP level 11. HP: 62/75 MP: 26/27
 15338 | D:11     | Reached *** piety under Kikubaaqudgha
 15338 | D:11     | Identified Kikubaaqudgha's Papyrus of Dark Arts
                  | (Kikubaaqudgha gifted it to you on level 11 of the Dungeon)
 15338 | D:11     | Received a gift from Kikubaaqudgha
 15346 | D:11     | Learned a level 5 spell: Borgnjor's Vile Clutch
 15352 | D:11     | Learned a level 5 spell: Dispel Undead
 15620 | Temple   | Fell from the grace of Kikubaaqudgha
 15620 | Temple   | Became a worshipper of Gozag Ym Sagoz the Greedy
 15930 | D:11     | Found a staircase to the Lair.
 15930 | D:11     | Noticed a death yak
 17513 | D:11     | Killed a death yak
 17804 | D:11     | Noticed a reaper
 17942 | D:11     | Found Zyllurgh's Book Emporium.
 18110 | D:11     | Noticed Grum
 18118 | D:11     | Reached skill level 1 in Maces & Flails
 18144 | D:11     | Reached skill level 13 in Spellcasting
 18150 | D:11     | Killed Grum
 18568 | D:12     | Noticed a two-headed ogre
 18580 | D:12     | Noticed a soul eater
 18589 | D:12     | Killed a two-headed ogre
 18712 | D:12     | Noticed a two-headed ogre
 18728 | D:12     | Killed a two-headed ogre
 18799 | D:12     | Noticed a two-headed ogre
 18804 | D:12     | Reached skill level 1 in Earth Magic
 18807 | D:12     | Killed a two-headed ogre
 18943 | D:12     | Noticed a white ugly thing
 18962 | D:12     | Killed a white ugly thing
 19210 | D:12     | Identified the +6 falchion "Jiefi" {slice, rElec Stlth+}
                  | (You found it on level 12 of the Dungeon)
 19354 | D:12     | Noticed a death knight
 19363 | D:12     | Killed a death knight
 19502 | D:12     | Found Waor Isa's Armour Emporium.
 19564 | D:12     | Reached skill level 14 in Spellcasting
 19670 | D:12     | Noticed a two-headed ogre
 19679 | D:12     | Killed a two-headed ogre
 19679 | D:12     | Reached XP level 12. HP: 71/83 MP: 20/30
 20954 | D:13     | Found an opulent altar of Gozag.
 21003 | D:13     | Noticed Rupert
 21081 | D:13     | Paralysed by Rupert for 3 turns
 21095 | D:13     | Killed Rupert
 21095 | D:13     | Reached skill level 1 in Evocations
 21777 | D:13     | Found Rykhy's Armour Shoppe.
 21993 | D:13     | Noticed a rakshasa
 22037 | D:13     | Bought a +2 troll leather armour for 297 gold pieces
 22099 | D:13     | Reached skill level 15 in Spellcasting
 22404 | D:13     | Killed a rakshasa
 22683 | D:14     | Noticed a two-headed ogre
 22684 | D:14     | Noticed Snorg
 22700 | D:14     | Killed a two-headed ogre
 22705 | D:14     | Killed Snorg
 22821 | D:14     | Noticed Jorgrun
 23061 | D:14     | HP: 4/84 [Jorgrun/+0 quarterstaff of crushing (12)]
 23062 | D:14     | Slain by Jorgrun

Levels and vault maps discovered:
D:1:      dpeg_arrival_tiny_k, layout_basic
D:2:      layout_loops_cross, nicolae_overflow_crystal_walls, ashenzari_altar_1
D:3:      minmay_bubble_buster, layout_basic, serial_park_tiny_pond
D:4:      layout_gridville, serial_shops, shop
D:5:      layout_loops_ring, first_ration, uniq_ijyb
D:6:      layout_rooms, minivault_25, minivault_4
D:7:      layout_loops_ring, lemuel_temple_firewalk_b, grunt_livestock
D:8:      layout_rooms, special_room [special_room_orc]
D:9:      layout_basic, david_orc_1_choice
D:10:     minmay_chambers_of_sixes, layout_basic, serial_shops, shop,
          david_defended_altar_orc
D:11:     layout_roguey, david_lair_generic, serial_shops, kennysheep_mini_moat,
          uniq_grum
D:12:     layout_loops_corners, serial_shops, shop
D:13:     layout_roguey, serial_shops, shop, grunt_gozag_statues, uniq_rupert
D:14:     layout_rooms, david_vaults_2, eino_curves_02, uniq_jorgrun,
          uniq_roxanne, uniq_snorg
Temple:   roderic_octagonal_lattice_temple

Skill      XL: |  1  2  3  4  5  6  7  8  9 10 11 12 |
---------------+-------------------------------------+-----
Spellcasting   | 3 4 5 7 8 10 12 14 15 | 15.2
Necromancy     | 5 6 7 9 10 11 12 | 12.4
Armour         | 1 2 3 |  3.9
Stealth        | 2 3 4 |  4.0
Dodging        | 2 3 4 |  4.9
Short Blades   | 1 2 3 |  3.7
Fighting       | 1 2 3 4 |  4.5
Axes           | 1 |  1.5
Maces & Flails | 2 3 |  3.5
Earth Magic    | 2 3 |  3.6
Evocations     | 1 |  1.2

Action                   |  1- 3 |  4- 6 |  7- 9 | 10-12 || total
-------------------------+-------+-------+-------+-------++-------
Melee: Unarmed           |     6 |     1 |       |       ||     7
       Dagger            |       |    32 |   418 |   238 ||   688
       War axe           |       |       |       |    86 ||    86
       Whip              |       |       |       |   356 ||   356
 Cast: Pain              |    92 |   108 |    97 |   199 ||   496
       Vampiric Draining |       |     9 |    56 |    98 ||   163
       Borgnjor's Vile C |       |       |       |    63 ||    63
       Dispel Undead     |       |       |       |    43 ||    43
Invok: Potion Petition   |       |       |       |     1 ||     1
Evoke: Wand              |       |     1 |     8 |    13 ||    22
  Use: Scroll            |       |       |     6 |    17 ||    23
 Stab: Paralysed         |       |     3 |     2 |       ||     5
       Sleeping          |       |       |     4 |     6 ||    10
Armor: Leather armour    |     7 |    10 |   122 |    44 ||   183
       Robe              |     4 |       |       |       ||     4
       Troll leather arm |       |       |       |   238 ||   238
Dodge: Dodged            |    21 |    28 |   280 |   597 ||   926

Table legend:
 A = Non-vault XP
 B = Vault XP
 C = Vault XP percentage of total XP
 D = Non-vault monster count
 E = Vault monster count
 F = Vault count percentage of total count
                 A         B        C        D         E       F
            +---------+---------+-------+---------+---------+-------
      Total |   26433 |   10140 |  27.7 |     335 |      68 |  16.9
            +---------+---------+-------+---------+---------+-------
        D:1 |      37 |       0 |   0.0 |      20 |       0 |   0.0
        D:2 |      42 |       0 |   0.0 |      16 |       0 |   0.0
        D:3 |      74 |      32 |  30.2 |      18 |      11 |  37.9
        D:4 |     294 |       0 |   0.0 |      22 |       0 |   0.0
        D:5 |     912 |      33 |   3.5 |      26 |       1 |   3.7
        D:6 |     558 |       0 |   0.0 |      17 |       0 |   0.0
        D:7 |     700 |     992 |  58.6 |      22 |       7 |  24.1
        D:8 |    2426 |     893 |  26.9 |      44 |      22 |  33.3
        D:9 |    1038 |     669 |  39.2 |      14 |       9 |  39.1
       D:10 |    1590 |    1145 |  41.9 |      34 |       8 |  19.0
       D:11 |    1247 |    2087 |  62.6 |      22 |       8 |  26.7
       D:12 |    8926 |       0 |   0.0 |      42 |       0 |   0.0
       D:13 |    6486 |    3132 |  32.6 |      29 |       1 |   3.3
       D:14 |    2103 |    1157 |  35.5 |       9 |       1 |  10.0
            +---------+---------+-------+---------+---------+-------
